 Dungeon Crawl Stone Soup version 0.30-a0-930-gb9d0489357 (webtiles) character file.

Game seed: 166171196504751806

155758 DeathPants the Reanimator (level 17, -2/95 HPs)
             Began as a Vine Stalker Monk on Mar 23, 2023.
             Was an Initiate of Gozag.
             Constricted to death by a shambling mangrove (11 damage)
             ... on level 4 of the Swamp.
             The game lasted 01:52:24 (26547 turns).

DeathPants the Reanimator (Vine Stalker Monk)      Turns: 26547, Time: 01:52:25

Health: -2/95      AC: 20    Str: 18    XL:     17   Next: 65%
Magic:  0/39       EV: 23    Int: 18    God:    Gozag
Gold:   4896       SH:  9    Dex: 28    Spells: 7/32 levels left

rFire   . . .      SeeInvis .    a - +9 quick blade (drain)
rCold   . . .      Faith    .    J - +2 buckler {AC+3}
rNeg    + . .      Spirit   +    B - +2 robe {Archmagi}
rPois   .          Reflect  .    (no helmet)
rElec   .          Rampage  .    V - +2 cloak {Will+}
rCorr   .          Archmagi +    G - +2 pair of gloves {Stlth+}
Will    +++..                    x - +2 pair of boots of Valour {rN+ Int+3 Dex+4}
Stlth   +++++++                  f - amulet of the acrobat
HPRegen 1.15/turn                u - +5 ring of evasion
MPRegen 0.26/turn                y - ring "Hatoitz" {MP+9 AC+4 Str+3 Int+3 Dex+2}

@: death channelling, grasped by roots, gold aura, constricted
A: fangs 3, regeneration 1, magic shield, antimagic bite, no potion heal 2
a: Renounce Religion, Potion Petition, Call Merchant, Bribe Branch


You were on level 4 of the Swamp.
You worshipped Gozag.
Gozag was most pleased with you.
You visited 5 branches of the dungeon, and saw 27 of its levels.
You also visited: Gauntlet.

You collected 9645 gold pieces.
You spent 3726 gold pieces at shops.
You paid 1023 gold pieces to Gozag.

Inventory:

Hand Weapons
 a - a +9 quick blade of draining (weapon)
 b - a +3 demon blade of electrocution
Missiles
 i - 3 boomerangs of dispersal
 k - 7 curare-tipped darts
 m - 13 javelins
 t - a throwing net
 I - 8 boomerangs
Armour
 x - the +2 pair of boots of Valour (worn) {rN+ Int+3 Dex+4}
   (You found it in a Gauntlet)

   Int:       It affects your intelligence (+3).
   Dex:       It affects your dexterity (+4).
   rN:        It protects you from negative energy.
 B - a +2 robe of the Archmagi (worn)
 E - a +1 pair of gloves of hurling
 G - a +2 pair of gloves of stealth (worn)
 J - a +2 buckler of protection (worn)
 V - a +2 cloak of willpower (worn)
Jewellery
 f - an amulet of the acrobat (around neck)
 s - a +6 ring of intelligence
 u - a +5 ring of evasion (left hand)
 y - the ring "Hatoitz" (right hand) {MP+9 AC+4 Str+3 Int+3 Dex+2}
   (You found it on level 2 of the Swamp)

   [ring of protection]

   AC:        It affects your AC (+4).
   Str:       It affects your strength (+3).
   Int:       It affects your intelligence (+3).
   Dex:       It affects your dexterity (+2).
   MP:        It affects your magic capacity (+9).
 N - a ring of poison resistance
Wands
 d - a wand of roots (20)
 h - a wand of flame (68) (quivered)
Scrolls
 e - 5 scrolls of magic mapping
 j - 4 scrolls of vulnerability
 o - 4 scrolls of brand weapon
 v - 7 scrolls of silence
 z - 13 scrolls of teleportation
 C - 7 scrolls of fog
 M - 5 scrolls of blinking
 P - a scroll of fear
 S - 3 scrolls of amnesia
 X - 2 scrolls of enchant armour
 Y - a scroll of summoning
Potions
 c - 2 potions of invisibility
 g - a potion of cancellation {unknown}
 l - 2 potions of mutation
 n - a potion of might
 p - 8 potions of lignification
 q - 4 potions of magic
 r - 10 potions of curing
 D - a potion of resistance
 F - 4 potions of attraction
 R - a potion of flight
Miscellaneous
 T - a box of beasts
 W - a lightning rod (4/4)


   Skills:
 * Level 13.3 Fighting
 - Level 8.9(10.5) Short Blades
 * Level 8.9(10.5) Long Blades
 - Level 9.1 Dodging
 - Level 12.0 Stealth
 - Level 6.3 Shields
 - Level 8.3 Spellcasting
 - Level 14.3 Necromancy
 - Level 5.9 Translocations
 - Level 10.8 Earth Magic


You had 7 spell levels left.
You knew the following spells:

 Your Spells              Type           Power      Damage    Failure   Level
a - Blink                 Tloc           86%        N/A       1%          2
b - Vampiric Draining     Necr           73%        2d11      1%          3
c - Dispel Undead         Necr           73%        3d24      1%          4
d - Agony                 Necr           73%        N/A       1%          5
e - Borgnjor's Vile Clut  Necr/Erth      34%        N/A       1%          5
f - Death Channel         Necr           36%        N/A       4%          6

Your spell library contained the following spells:

 Spells                   Type           Power      Damage    Failure   Level
 Necrotise                Necr           100%       1d9       1%          1
 Passwall                 Tmut/Erth      33%        N/A       1%          2
 Cigotuvi's Dreadful Rot  Necr/Pois/Air  74%        N/A       2%          2
 Vhi's Electric Charge    Tloc/Air       54%        N/A       11%         3
 Manifold Assault         Tloc           43%        N/A       11%         4
 Passage of Golubria      Tloc           43%        N/A       11%         4
 Sting                    Tmut/Pois      44%        1d5       12%         1
 Ensorcelled Hibernation  Hex/Ice        22%        N/A       19%         2
 Poisonous Vapours        Pois/Air       22%        N/A       19%         2
 Static Discharge         Conj/Air       22%        2-3/arc   19%         2
 Ozocubu's Armour         Ice            11%        N/A       34%         3
 Swiftness                Air            11%        N/A       34%         3
 Olgreb's Toxic Radiance  Pois           11%        N/A       75%         4
 Alistair's Intoxication  Tmut/Pois      7%         N/A       97%         5
 Arcjolt                  Conj/Air       5%         1d15      97%         5
 Plasma Beam              Fire/Air       5%         2x1d17    97%         5
 Silence                  Hex/Air        5%         N/A       97%         5
 Eringya's Noxious Bog    Tmut/Pois      5%         N/A       100%        6
 Ozocubu's Refrigeration  Ice            5%         4d8       100%        7
 Storm Form               Tmut/Air       5%         N/A       100%        7
 Lehudib's Crystal Spear  Conj/Erth      20%        10d6      100%        8


Dungeon Overview and Level Annotations

Branches:
Dungeon (15/15)            Temple (1/1) D:5            Lair (5/5) D:11
  Swamp (4/4) Lair:2       Spider (0/4) Lair:3        Slime (0/5) Lair:4
    Orc (2/2) D:11            Elf (0/3) Orc:2        Vaults (0/5) D:14
 Depths (0/4) D:15        Gauntlet (visited)

Altars:
Ashenzari
Cheibriados
Dithmenos
Elyvilon
Fedhas
Gozag
Hepliaklqana
Kikubaaqudgha
Makhleb
Nemelex Xobeh
Okawaru
Qazlal
Ru
Sif Muna
Trog
Uskayaw
Vehumet
Wu Jian
Xom
Yredelemnul
Zin
The Shining One
Jiyva

Shops:
D:10 [***   D:14 [   D:15 ?   Orc:1 [   Orc:2 ???[[

Annotations:
D:3 exclusion: statue
D:15 3 runed translucent doors


Innate Abilities, Weirdness & Mutations

You have razor-sharp teeth.
Your natural rate of healing is unusually fast.
When hurt, damage is shared between your health and your magic reserves.
Your bite disrupts and absorbs the magic of your enemies.
Potions cannot restore your health.


Message History

The eight-headed hydra completely misses you.
The eight-headed hydra bites you but does no damage.
The shambling mangrove misses you. The grasping roots constrict you.
* * * LOW HITPOINT WARNING * * *
Your spectral goliath frog closely misses the swamp drake.
The steam dragon barely misses your spectral steam dragon.
The steam dragon claws your spectral steam dragon but does no damage.
You block the swamp drake's attack.
The fire dragon bites your spectral steam dragon.
The fire dragon barely misses your spectral steam dragon.
The fire dragon tramples your spectral steam dragon!
Your spectral steam dragon is shoved backwards!
Your spectral steam dragon is destroyed!
As you read the scroll of fear, it crumbles to dust.
You assume a fearsome visage.
The lindwurm looks frightened!
The fire dragon looks frightened!
The six-headed hydra looks frightened!
The four-headed hydra looks frightened!
The steam dragon looks frightened!
The eight-headed hydra looks frightened!
The four-headed hydra resists with some effort.
The swamp drake looks frightened! x2; The steam dragon looks frightened!
The shambling mangrove is unaffected.
Your spectral swamp dragon bites the eight-headed hydra!
Your spectral swamp dragon closely misses the eight-headed hydra.
Your spectral swamp dragon tramples the eight-headed hydra.
The eight-headed hydra holds its ground!
Your spectral swamp dragon's attack snaps the eight-headed hydra out of its fear.
The four-headed hydra completely misses you.
The four-headed hydra bites you but does no damage. x2
You block the four-headed hydra's attack.
The eight-headed hydra closely misses you.
You block the eight-headed hydra's attack. x2
The eight-headed hydra bites you.
* * * LOW HITPOINT WARNING * * *
The eight-headed hydra closely misses you. x3
The eight-headed hydra completely misses you.
Your spectral goliath frog closely misses the swamp drake.
The shambling mangrove closely misses you.
The grasping roots constrict you!!
You die...
Your body crumbles into a pile of gold.

♣♣~♣.~~~♣~~##♣~..≈≈..
♣♣~.~~.~~~~~.~°≈○○.~.
♣~...§.♣.♣♣~..≈§...~
♣♣~~♣..$..~~D..§..~~
♣♣♣.~..~$.DZ~~~~...
♣...~.D.$$.....~~~
♣~(.~.§♣.Z$ZZ~~..~.
♣♣....~~~kDDk.~..~~
♣...~...~D@f....§.
♣♣.♣~..~.k~..~....
♣♣.....§~~.....~~
♣.~.♣......~~...
♣~~§..~§.~~.~..~.
♣♣~..~.....~..~..
♣♣.♣..♣~♣♣.♣♣..~
♣♣♣♣♣♣♣ ♣♣ ♣♣♣


You could see a shambling mangrove (drained, ally target), a fire dragon
(fleeing), an eight-headed hydra, a six-headed hydra (fleeing, drained, ally
target), a four-headed hydra (ally target), a lindwurm (fleeing), 2 swamp
drakes, 2 steam dragons, a friendly spectral eight-headed hydra, 2 friendly
spectral swamp dragons and a friendly spectral goliath frog.

Vanquished Creatures
  Kirke (D:12)
  2 fenstrider witches (Swamp:2)
  An orc warlord (Orc:2)
  The ghost of ragingrage the Destroyer, a journeyman DsEn of Vehumet (Orc:1)
  3 eleionomae
  A minotaur (Gauntlet)
  4 bunyips
  2 ettins
  A fire dragon (D:15)
  2 shambling mangroves
  5 hydras
  A rakshasa (D:15)
  8 vault guards (D:14)
  An ogre mage (Orc:2)
  2 catoblepae
  9 ghost crabs
  5 centaur warriors
  Erica (D:9)
  8 two-headed ogres
  3 boulder beetles
  6 alligators
  9 death yaks
  5 tengu warriors (D:15)
  Urug (Orc:2)
  6 skeletal warriors
  A fire crab (Gauntlet)
  A bunyip zombie (Swamp:4)
  2 skysharks
  6 goliath frogs
  3 deep trolls
  9 spriggan druids
  Pikel (D:4)
  2 orc knights
  5 bog bodies
  2 swamp dragons
  A wizard (D:15)
  4 harpies (D:15)
  2 necromancers
  3 deep elf pyromancers (D:15)
  2 orc sorcerers
  An oklob plant (Lair:5)
  4 will-o-the-wisps
  7 cyclopes
  27 elephants
  5 ugly things
  5 apocalypse crabs (Swamp:2)
  2 manticores
  4 torpor snails
  4 slime creatures (D:13)
  3 black mambas
  2 gargoyles
  10 cane toads
  6 komodo dragons
  3 rime drakes
  2 kobold demonologists
  3 unseen horrors
  4 polar bears (Lair:5)
  4 meliai
  2 bloated husks
  8 trolls
  A tarantella (shapeshifter) (D:15)
  11 tyrant leeches
  26 blink frogs
  12 hornets
  4 dream sheep
  5 shadows
  21 spriggans
  2 wraiths
  Sigmund (D:5)
  2 fire bats (Gauntlet)
  5 wyverns
  38 yaks
  2 steam dragons
  6 basilisks
  14 vampire mosquitoes
  4 wargs
  12 swamp worms
  Duvessa (D:5)
  An acid dragon (shapeshifter) (D:15)
  4 acid dragons
  15 water moccasins
  A black bear (Lair:5)
  A swamp drake (Swamp:4)
  3 sky beasts
  18 orc warriors
  29 wolves
  2 hornet zombies (Swamp:4)
  12 ogres
  4 boggarts (Lair:5)
  16 centaurs
  4 lemures (D:4)
  2 phantoms (D:4)
  11 bullfrogs
  15 kobold brigands
  3 gnoll sergeants
  2 scorpions
  3 wights (D:7)
  25 killer bees
  A howler monkey (D:6)
  3 electric eels
  2 jellies
  A lava snake (D:12)
  10 orc priests
  10 hounds
  Terence (D:3)
  4 iguanas
  2 sleepcaps (D:5)
  6 hell rats
  14 orc wizards
  14 gnolls
  6 adders
  8 river rats (Lair:1)
  2 shadow imps
  2 white imps
  A worm (D:2)
  5 dart slugs
  63 orcs
  8 endoplasms
  A giant cockroach (D:3)
  7 hobgoblins
  2 quokkas
  8 ball pythons
  2 bats
  2 frilled lizards
  11 goblins
  28 kobolds
  7 rats
807 creatures vanquished.

Vanquished Creatures (collateral kills)
  An ogre mage (Orc:2)
  4 two-headed ogres (Orc:2)
  A goliath frog (Swamp:4)
  2 swamp dragons (Swamp:4)
  A will-o-the-wisp (Swamp:4)
  2 cyclopes (Orc:2)
  An efreet (D:15)
  4 trolls (Orc:2)
  A steam dragon (Swamp:4)
  2 orc warriors (Orc:2)
  13 ogres (Orc:2)
  Dowan (D:5)
  An orc wizard (Orc:2)
  6 orcs (Orc:2)
40 creatures vanquished.

Vanquished Creatures (others)
  An alligator (Swamp:4)
  A bloated husk (Swamp:4)
  2 spriggans (Swamp:4)
  2 humans (D:12)
  An orc (D:15)
  4 foxfires (Swamp:4)
  19 fungi
  21 plants
51 creatures vanquished.

Grand Total: 898 creatures vanquished

Notes
Turn   | Place    | Note
-------+----------+-------------------------------------------
     0 | D:1      | DeathPants the Vine Stalker Monk began the quest for the
                  | Orb.
     0 | D:1      | Reached XP level 1. HP: 11/11 MP: 2/2
   242 | D:1      | Reached XP level 2. HP: 16/16 MP: 3/3
   551 | D:1      | Reached XP level 3. HP: 16/19 MP: 4/4
  1092 | D:2      | Found a faded altar of an unknown god.
  1179 | D:2      | Gained mutation: Your natural rate of healing is unusually
                  | fast. [Vine Stalker growth]
  1179 | D:2      | Reached XP level 4. HP: 24/24 MP: 5/5
  1421 | D:3      | Found an iron altar of Okawaru.
  1597 | D:3      | Noticed Terence
  1609 | D:3      | Killed Terence
  1610 | D:3      | Reached XP level 5. HP: 28/28 MP: 4/6
  1697 | D:3      | Found a radiant altar of Vehumet.
  1697 | D:3      | Noticed a charred statue
  2264 | D:4      | Reached XP level 6. HP: 32/32 MP: 7/7
  2467 | D:5      | Entered Level 5 of the Dungeon
  2470 | D:5      | Noticed Pikel
  3408 | D:4      | Reached skill level 5 in Short Blades
  3408 | D:4      | Reached XP level 7. HP: 31/37 MP: 6/8
  3534 | D:4      | Reached skill level 5 in Stealth
  3541 | D:4      | Killed Pikel
  3542 | D:4      | Gained mutation: You have razor-sharp teeth. [Vine Stalker
                  | growth]
  3542 | D:4      | Reached XP level 8. HP: 18/42 MP: 6/9
  3669 | D:5      | Learned a level 2 spell: Blink
  3770 | D:5      | Noticed Sigmund
  3789 | D:5      | Killed Sigmund
  3809 | D:5      | Reached skill level 5 in Fighting
  3995 | D:5      | Found a sparkling altar of Nemelex Xobeh.
  4107 | D:5      | Reached XP level 9. HP: 47/47 MP: 10/10
  4191 | D:5      | Noticed Duvessa
  4193 | D:5      | Noticed Dowan
  4215 | D:5      | Killed Dowan
  4220 | D:5      | Killed Duvessa
  4221 | D:5      | Reached skill level 5 in Dodging
  4232 | D:5      | Found a staircase to the Ecumenical Temple.
  4238 | Temple   | Entered the Ecumenical Temple
  4368 | Temple   | Became a worshipper of Gozag Ym Sagoz the Greedy
  4640 | D:6      | Found an ornate altar of the Wu Jian Council.
  4746 | D:6      | Reached skill level 1 in Shields
  4806 | D:6      | Learned a level 3 spell: Vhi's Electric Charge
  5787 | D:7      | Reached XP level 10. HP: 41/53 MP: 9/11
  5872 | D:7      | Identified a scroll of acquirement
  5872 | D:7      | Acquired a +6 quick blade of venom
  5960 | D:7      | Reached skill level 1 in Spellcasting
  5979 | D:7      | Reached skill level 1 in Translocations
  6511 | D:8      | Found an ancient bone altar of Kikubaaqudgha.
  6622 | D:8      | Noticed a kobold demonologist
  6645 | D:8      | Noticed a sixfirhy
  6661 | D:8      | Killed a kobold demonologist
  7432 | D:10     | Entered Level 10 of the Dungeon
  7454 | D:10     | Reached skill level 5 in Shields
  7543 | D:10     | Reached XP level 11. HP: 58/58 MP: 18/18
  7681 | D:9      | Noticed Erica
  7692 | D:9      | Killed Erica
  7862 | D:11     | Noticed a manticore
  7867 | D:11     | Killed a manticore
  7928 | D:10     | Found Weaqi's General Store.
  7947 | D:10     | Noticed a two-headed ogre
  7989 | D:9      | Killed a two-headed ogre
  7990 | D:9      | Reached skill level 5 in Spellcasting
  7990 | D:9      | Reached skill level 5 in Translocations
  8072 | D:10     | Bought a scroll of identify for 26 gold pieces
  8072 | D:10     | Bought 2 scrolls of brand weapon for 247 gold pieces
  8140 | D:10     | Noticed a two-headed ogre
  8161 | D:10     | Killed a two-headed ogre
  8194 | D:10     | Found Hovi's General Store.
  8202 | D:11     | Noticed a boulder beetle
  8227 | D:10     | Killed a boulder beetle
  8360 | D:10     | Bought a scroll of enchant weapon for 112 gold pieces
  8408 | D:10     | Found Horeuph's General Store.
  8435 | D:10     | Bought a scroll of enchant weapon for 112 gold pieces
  8435 | D:10     | Bought 3 scrolls of teleportation for 135 gold pieces
  8441 | D:10     | Learned a level 5 spell: Borgnjor's Vile Clutch
  8727 | D:10     | Found Eqiaph's Antique Armour Boutique.
  8735 | D:10     | Bought a runed leather armour for 115 gold pieces
  8735 | D:10     | Bought a jewelled ring mail for 207 gold pieces
  8735 | D:10     | Identified the +2 ring mail of Vanity {Rampage} (You bought
                  | it in a shop on level 10 of the Dungeon)
  8735 | D:10     | Bought a dyed leather armour for 115 gold pieces
  8813 | D:11     | Found a staircase to the Lair.
  8821 | D:11     | Reached skill level 1 in Necromancy
  8821 | D:11     | Reached skill level 1 in Earth Magic
  8885 | D:11     | Reached skill level 2 in Necromancy
  9267 | D:11     | Found a staircase to the Orcish Mines.
  9721 | D:12     | Noticed a brown ugly thing
  9743 | D:12     | Killed a brown ugly thing
  9744 | D:12     | Reached skill level 3 in Necromancy
  9805 | D:12     | Noticed a white ugly thing
  9828 | D:12     | Killed a white ugly thing
  9829 | D:12     | Reached XP level 12. HP: 35/65 MP: 12/20
  9979 | D:12     | Reached skill level 4 in Necromancy
 10053 | D:12     | Noticed Kirke
 10068 | D:12     | Killed Kirke
 10095 | D:12     | Reached skill level 5 in Earth Magic
 10105 | D:12     | Reached skill level 5 in Necromancy
 10145 | D:12     | Noticed a centaur warrior
 10155 | D:12     | Killed a centaur warrior
 10606 | D:13     | Reached skill level 6 in Necromancy
 10849 | D:12     | Noticed a boulder beetle
 10854 | D:12     | Killed a boulder beetle
 10955 | Lair:1   | Entered Level 1 of the Lair of Beasts
 11406 | Lair:1   | Reached skill level 7 in Necromancy
 11533 | Lair:1   | Reached XP level 13. HP: 67/70 MP: 23/23
 12329 | Lair:1   | Reached skill level 8 in Necromancy
 12454 | Lair:3   | Found a gate leading to a gauntlet.
 12483 | Gauntlet | Entered a Gauntlet
 12483 | Gauntlet | Found a transporter.
 12483 | Gauntlet | Found a transporter.
 12493 | Gauntlet | Found a transporter.
 12498 | Gauntlet | Found a transporter.
 12505 | Gauntlet | Found a transporter.
 12509 | Gauntlet | Found a transporter.
 12517 | Gauntlet | Found a transporter.
 12563 | Gauntlet | Found a transporter.
 12567 | Gauntlet | Found a transporter.
 12571 | Gauntlet | Found a runed translucent door.
 12571 | Gauntlet | Found a runed translucent door.
 12575 | Gauntlet | Found a transporter.
 12579 | Gauntlet | Found a transporter.
 12808 | Gauntlet | Reached skill level 9 in Necromancy
 12833 | Gauntlet | Found a transporter.
 12837 | Gauntlet | Identified the +2 pair of boots of Valour {rN+ Int+3 Dex+4}
 12851 | Gauntlet | Identified the +6 sling of Ymior {drain, rF+}
 12890 | Gauntlet | Identified the +5 rapier "Jiug" {flame, rC++ Stlth+}
 12890 | Gauntlet | Noticed a minotaur
 12915 | Gauntlet | Killed a minotaur
 13048 | Lair:2   | Found a staircase to the Swamp.
 13173 | Lair:2   | Reached XP level 14. HP: 71/75 MP: 27/27
 13675 | Lair:3   | Learned a level 4 spell: Dispel Undead
 13682 | Lair:3   | Learned a level 6 spell: Death Channel
 13800 | Lair:3   | Reached skill level 10 in Necromancy
 13800 | Lair:3   | Reached skill level 10 in Earth Magic
 14401 | Lair:3   | Found a hole to the Spider Nest.
 15166 | Lair:5   | Entered Level 5 of the Lair of Beasts
 15363 | Lair:4   | Reached skill level 10 in Fighting
 15588 | Lair:4   | Found a viscous altar of Jiyva.
 15588 | Lair:4   | Found a staircase to the Slime Pits.
 16485 | D:10     | Bought a book of Necromancy for 360 gold pieces
 16491 | D:10     | Learned a level 3 spell: Vampiric Draining
 16497 | D:10     | Learned a level 5 spell: Agony
 17233 | Lair:5   | Reached XP level 15. HP: 77/81 MP: 28/28
 17482 | Lair:5   | Reached skill level 11 in Necromancy
 18747 | D:13     | Reached skill level 10 in Stealth
 19001 | D:13     | Identified the ring "Jechaul" {Ice rElec rN+ Dex+3}
 19414 | D:15     | Entered Level 15 of the Dungeon
 19544 | D:14     | Found Joafel's Armour Emporium.
 19576 | D:14     | Bought a +2 cloak of willpower for 365 gold pieces
 20073 | D:14     | Found a gate to the Vaults.
 20427 | D:14     | Identified the +4 sling "Bationa" {antimagic, Stlth+}
 20661 | D:15     | Found a runed translucent gate.
 20661 | D:15     | Found a runed translucent gate.
 20661 | D:15     | Found a runed translucent gate.
 20705 | D:15     | Reached skill level 1 in Long Blades
 20719 | D:15     | Reached skill level 12 in Necromancy
 21027 | D:15     | Reached XP level 16. HP: 88/88 MP: 29/29
 21048 | D:15     | Found a white marble altar of Elyvilon.
 21140 | D:15     | Found a staircase to the Depths.
 21311 | D:15     | Identified the +0 short sword "Matiseg" {spect, rElec}
 21421 | D:15     | Found a glowing silver altar of Zin.
 21423 | D:15     | Found a glowing golden altar of the Shining One.
 21544 | D:15     | Bought a scroll of fear for 56 gold pieces
 21544 | D:15     | Bought a scroll of amnesia for 56 gold pieces
 21544 | D:15     | Bought a scroll of identify for 28 gold pieces
 21544 | D:15     | Bought a scroll of enchant armour for 105 gold pieces
 21544 | D:15     | Bought a scroll of fog for 56 gold pieces
 21639 | Orc:1    | Entered Level 1 of the Orcish Mines
 21719 | Orc:1    | Found a runed translucent door.
 21721 | Orc:1    | Noticed ragingrage's ghost (journeyman DsEn)
 21809 | Orc:1    | Killed ragingrage's ghost
 21826 | Orc:2    | Entered Level 2 of the Orcish Mines
 21826 | Orc:2    | Noticed Urug
 22362 | Orc:1    | Found Lubrunga's Armour Shop.
 22533 | Orc:2    | Killed Urug
 22799 | Orc:2    | Reached skill level 13 in Necromancy
 22801 | Orc:2    | Reached skill level 5 in Long Blades
 22809 | Orc:2    | Found Hoss's Magic Scroll Boutique.
 22826 | Orc:2    | Found a staircase to the Elven Halls.
 22903 | Orc:2    | Found Emugares's Armour Boutique.
 22904 | Orc:2    | Found Sunestru's Magic Scroll Emporium.
 22906 | Orc:2    | Bought a scroll of identify for 36 gold pieces
 22906 | Orc:2    | Bought a scroll of enchant armour for 135 gold pieces
 22906 | Orc:2    | Bought a scroll of blinking for 135 gold pieces
 22906 | Orc:2    | Bought a scroll of identify for 36 gold pieces
 22906 | Orc:2    | Bought a scroll of enchant armour for 135 gold pieces
 22906 | Orc:2    | Bought a scroll of teleportation for 54 gold pieces
 22906 | Orc:2    | Bought a scroll of teleportation for 54 gold pieces
 22914 | Orc:2    | Found Xenat's Magic Scroll Shop.
 22917 | Orc:2    | Bought a scroll of amnesia for 52 gold pieces
 22917 | Orc:2    | Bought a scroll of enchant armour for 97 gold pieces
 22917 | Orc:2    | Bought a scroll of teleportation for 39 gold pieces
 22917 | Orc:2    | Bought a scroll of summoning for 123 gold pieces
 22917 | Orc:2    | Bought a scroll of blinking for 97 gold pieces
 22922 | Orc:2    | Bought a scroll of brand weapon for 104 gold pieces
 22922 | Orc:2    | Bought a scroll of blinking for 82 gold pieces
 22922 | Orc:2    | Bought a scroll of teleportation for 33 gold pieces
 23247 | Orc:2    | Bought a +1 pair of gloves of hurling for 247 gold pieces
 23247 | Orc:2    | Bought a +0 pair of gloves of stealth for 172 gold pieces
 23420 | Swamp:1  | Entered Level 1 of the Swamp
 24372 | Swamp:2  | Noticed a fenstrider witch
 24398 | Swamp:2  | Killed a fenstrider witch
 24418 | Swamp:2  | Reached XP level 17. HP: 61/94 MP: 30/30
 24868 | Swamp:2  | Reached skill level 14 in Necromancy
 25025 | Swamp:2  | Found a runed translucent door.
 25295 | Swamp:2  | Identified the ring "Hatoitz" {MP+9 AC+4 Str+3 Int+3 Dex+2}
 25546 | Swamp:4  | Entered Level 4 of the Swamp
 26547 | Swamp:4  | Constricted to death by a shambling mangrove

Illustrated notes

Levels and vault maps discovered:
D:1:      minmay_arrival_stone_box, layout_basic, serial_rivers,
          chequers_serial_rivers_micro_a, chequers_serial_rivers_micro_d,
          chequers_serial_rivers_micro_b, chequers_serial_rivers_micro_c
D:2:      layout_basic, shapermc_ecumenical_altar_petra, st_stairs_7
D:3:      layout_basic, vehumet_statue, okawaru_altar_gauntlet_db, uniq_terence
D:4:      layout_basic, chequers_garden
D:5:      layout_basic, mainiacjoe_overflow_catwalk,
          minmay_temple_entry_nine_rooms, uniq_pikel, uniq_duvessa, uniq_sigmund
D:6:      layout_basic, lemuel_doored_altar
D:7:      layout_basic, eino_small_chamber_without_monster,
          chequers_serial_rivers_micro_a, kennysheep_cluttered_room,
          serial_park_tiny_pond
D:8:      layout_basic, amcnicky_altar_gilded, enter_bailey_2, special_room
          [special_room_kobold], serial_glass, glass_columns_a, glass_columns_b,
          nrook_mini_backslash, hex_intersection
D:9:      layout_rooms, uniq_erica
D:10:     layout_basic, serial_shops, shop, nicolae_diamond_shop,
          nicolae_shop_trees, shop_statue
D:11:     layout_irregular_city, erik_lair_island, david_orc_3
D:12:     layout_basic, serial_rivers, chequers_serial_rivers_room_b,
          chequers_serial_rivers_micro_a, chequers_serial_rivers_marsh,
          chequers_serial_rivers_small_b, chequers_serial_rivers_room_b,
          minmay_misc_feat_square, minmay_crystal_room, uniq_kirke
D:13:     layout_loops_corners
D:14:     layout_rooms, erik_vaults_2, nicolae_cairo_tiling_large, serial_shops,
          nicolae_take_the_stairs
D:15:     hangedman_depths_entry_civil_slaughter, layout_cave_pools,
          good_gods_temple_1, ploomutoo_gammafunk_ghost_potion_laboratory,
          hangedman_aviary
Temple:   minmay_crystal_spiral_temple
Lair:1:   layout_loops_ring, kennysheep_rathole
Lair:2:   layout_roguey, skrybe_swamp_entry_bodies, grunt_megastairs_2
Lair:3:   layout_layer_cave, hellmonk_spider_entry_not_the_bees,
          gauntlet_entry_generic, serial_bayou_pond_b, grunt_megastairs_3,
          serial_bayou_shore_a
Lair:4:   layout_gridlike, slime_entry_1, grunt_forest_small_clearing_treed
Lair:5:   minmay_lair_end_enchanted_forest, layout_hall_layers
Swamp:1:  layout_basic_swamp, hangedman_swamp_lotus, infiniplex_staircase_pool
Swamp:2:  gammafunk_mikee_crab_dinner, layout_falls_marsh,
          nicolae_swamp_triple_paths, swamp_pool1, infiniplex_staircase_pool_2
Swamp:3:  layout_basic_swamp, evilmike_swamp_ruin_house_6, swamp_pool1
Swamp:4:  swamp_fiery, layout_basic_swamp, swamp_pool1, beargit_kiku_chapel,
          uniq_aizul
Orc:1:    layout_diamond_mine, basic_altar, serial_shops, shop,
          ebering_ghost_inner_flame, nicolae_orc_lava_tube
Orc:2:    st_orc_open, layout_diamond_mine, uniq_urug

Skill      XL: |  1  2  3  4  5  6  7  8  9 10 11 12 13 14 15 16 17 |
---------------+----------------------------------------------------+-----
Short Blades   | 3 4 5 6 7 8 |  8.9
Stealth        | 3 4 5 6 7 9 11 12 | 12.0
Fighting       | 3 4 5 6 7 8 9 10 11 12 13 | 13.3
Dodging        | 3 4 5 7 8 9 |  9.1
Shields        | 3 5 6 |  6.3
Spellcasting   | 4 5 6 8 |  8.3
Translocations | 4 5 |  5.9
Necromancy     | 3 7 9 10 12 13 14 | 14.3
Earth Magic    | 3 7 9 10 | 10.8
Long Blades    | 2 6 8 |  8.9

Action                     |  1- 3 |  4- 6 |  7- 9 | 10-12 | 13-15 | 16-18 || total
---------------------------+-------+-------+-------+-------+-------+-------++-------
  Melee: Short sword       |    88 |   166 |       |       |       |       ||   254
         Bite              |    21 |    91 |    92 |   282 |   806 |   390 ||  1682
         Dagger            |       |   104 |   278 |    10 |       |       ||   392
         Punch             |       |     4 |     4 |       |       |       ||     8
         Quick blade       |       |       |       |   756 |  1679 |   911 ||  3346
         Scimitar          |       |       |       |    11 |       |       ||    11
  Throw: Boomerang         |       |     5 |     5 |       |       |       ||    10
         Dart              |       |       |       |     3 |     1 |       ||     4
   Cast: Borgnjor's Vile C |       |       |       |       |     7 |     6 ||    13
         Dispel Undead     |       |       |       |       |     3 |       ||     3
         Agony             |       |       |       |       |       |     4 ||     4
         Death Channel     |       |       |       |       |       |     2 ||     2
 Invoke: Call Merchant     |       |       |       |       |       |     2 ||     2
  Evoke: Wand              |       |       |     1 |    11 |     5 |       ||    17
         Box of beasts     |       |       |       |       |       |     1 ||     1
    Use: Scroll            |       |     7 |    11 |    14 |    12 |     5 ||    49
         Potion            |       |       |     3 |     1 |     2 |     2 ||     8
   Stab: Sleeping          |    11 |     4 |     9 |    11 |     6 |    31 ||    72
         Distracted        |       |       |     2 |     3 |    11 |     3 ||    19
         Invisible         |       |       |       |       |    11 |       ||    11
         Petrified         |       |       |       |       |     1 |       ||     1
 Armour: Robe              |     1 |       |       |    16 |    25 |   150 ||   192
         Leather armour    |    10 |    39 |    24 |    64 |   213 |       ||   350
  Dodge: Dodged            |    32 |   157 |   174 |   394 |   919 |   483 ||  2159
  Block: Buckler           |       |       |       |    95 |   364 |   244 ||   703

Table legend: (Time is in decaauts)
 A = Elapsed time spent in this place.
 B = Non-inter-level travel time spent in this place.
 C = Inter-level travel time spent in this place.
 D = Time resting spent in this place.
 E = Time spent auto-exploring this place.
 F = Levels seen in this place.
 G = Mean time per level.
                   A        B        C        D        E       F      G
               +--------+--------+--------+--------+--------+-----+--------+
         Total |  24429 |  22835 |   1594 |    710 |  14245 |  28 |  872.5 |
       Dungeon |  13446 |  12716 |    730 |    608 |   7799 |  15 |  896.4 |
        Temple |    215 |    131 |     84 |      0 |    112 |   1 |  215.0 |
          Lair |   5924 |   5328 |    596 |     48 |   3612 |   5 | 1184.8 |
         Swamp |   2969 |   2877 |     92 |     54 |   1677 |   4 |  742.2 |
  Orcish Mines |   1499 |   1408 |     91 |      0 |    966 |   2 |  749.5 |
      Gauntlet |    374 |    374 |      0 |      0 |     78 |   1 |  374.0 |
               +--------+--------+--------+--------+--------+-----+--------+

Top non-repeatable levels by time:
  Lair:3: 1504 daAuts
     D:4: 1370 daAuts
    D:13: 1370 daAuts
  Lair:5: 1331 daAuts
  Lair:1: 1292 daAuts
 Swamp:2: 1143 daAuts
    D:12: 1113 daAuts
    D:11: 1070 daAuts
  Lair:4: 993 daAuts
     D:7: 961 daAuts
    D:10: 927 daAuts
     D:3: 919 daAuts
    D:15: 902 daAuts
    D:14: 872 daAuts
     D:5: 852 daAuts
